 Dungeon Crawl Stone Soup version 0.28-a0-803-g74956062c1 (webtiles) character file.

Game seed: 12717342565555613159

193 Decritt the Magician (level 5, -6/28 HPs)
             Began as a Deep Elf Conjurer on Nov 7, 2021.
             Mangled by Pikel (12 damage)
             ... on level 4 of the Dungeon.
             The game lasted 00:08:39 (3849 turns).

Decritt the Magician (Deep Elf Conjurer)            Turns: 3849, Time: 00:08:40

Health: -6/28      AC:  3    Str:  4    XL:     5   Next: 43%
Magic:  6/15       EV: 11    Int: 24    God:
Gold:   56         SH:  0    Dex: 13    Spells: 13/16 levels left

rFire   . . .      SeeInvis .   q - +0 morningstar
rCold   + . .      Faith    .   (no shield)
rNeg    . . .      Spirit   .   h - +0 leather armour
rPois   .          Reflect  .   (no helmet)
rElec   .          Harm     .   (no cloak)
rCorr   .          Rampage  .   (no gloves)
Will    .....                   (no boots)
Stlth   ++........              (no amulet)
HPRegen 0.09/turn               m - ring of protection from cold
MPRegen 0.14/turn               (no ring)

@: no status effects
A: no striking features
a: no special abilities


You were on level 4 of the Dungeon.
You visited 1 branch of the dungeon, and saw 4 of its levels.

You collected 56 gold pieces.

Inventory:

Hand Weapons
 q - a +0 morningstar (weapon)
Armour
 g - a +0 kite shield
 h - a +0 leather armour (worn)
Jewellery
 m - a ring of protection from cold (left hand)
Scrolls
 r - a scroll of identify
Potions
 c - 2 potions of flight
 i - a potion of attraction
 p - 2 potions of haste


   Skills:
 + Level 0.4 Fighting
 + Level 2.6 Dodging
 - Level 2.4 Stealth
 * Level 6.4 Spellcasting
 + Level 5.4 Conjurations


You had 13 spell levels left.
You knew the following spells:

 Your Spells              Type           Power      Damage    Failure   Level
a - Magic Dart            Conj           100%       1d8       1%          1
b - Searing Ray           Conj           66%        2d6       2%          2

Your spell library contained the following spells:

 Spells                   Type           Power      Damage    Failure   Level
 Conjure Flame            Conj/Fire      20%        6-21      13%         3
 Dazzling Flash           Conj/Hex       40%        N/A       13%         3
 Freeze                   Ice            28%        1d5       14%         1
 Frozen Ramparts          Ice            14%        1d3       38%         3
 Ignite Poison            Fire/Tmut/Pois 7%         N/A       38%         3
 Fulminant Prism          Conj/Hex       10%        3d9       41%         4
 Hailstorm                Conj/Ice       20%        3d6       41%         4
 Iskenderun's Mystic Bla  Conj/Tloc      20%        2d6       41%         4
 Sticky Flame             Conj/Fire      20%        2d4       41%         4


Dungeon Overview and Level Annotations

Branches:
Dungeon (4/15)
 Temple: D:4-7

Altars:

Annotations:
D:4 Pikel


Message History

The searing ray hits the lemure!
The lemure is moderately wounded.
The searing ray hits Pikel but does no damage.
Pikel is severely wounded.
The searing ray hits the lemure.
The lemure is heavily wounded.
You finish channelling your searing ray.
Pikel completely misses you. Pikel barely misses you. The lemure hits you!
Casting: Searing Ray (safe; 2% risk of failure)
Confirm with . or Enter, or press ? or * to list all spells.
Aiming: Searing Ray (safe; 2% risk of failure)
Press: ? - help, Shift-Dir - straight line, f/p - Pikel
Aim: Pikel, wielding a +1 whip of freezing and wearing a +0 robe (severely wounded, 76% to hit)
The searing ray hits Pikel.
Pikel is severely wounded. (Press . to maintain the ray.) Pikel barely misses you.
The lemure hits you!
* * * LOW HITPOINT WARNING * * *
Casting: Searing Ray (safe; 2% risk of failure)
Confirm with . or Enter, or press ? or * to list all spells.
Restarting spell: Searing Ray (safe; 2% risk of failure)
Press: ? - help, Shift-Dir - straight line, f/p - Pikel
Aim: Pikel, wielding a +1 whip of freezing and wearing a +0 robe (severely wounded, 76% to hit)
The searing ray hits Pikel.
Pikel is almost dead. (Press . to maintain the ray.) Pikel says, "You'll feel the lick of my whip!"
Pikel hits you with a +1 whip of freezing.
* * * LOW HITPOINT WARNING * * *
Pikel freezes you.
* * * LOW HITPOINT WARNING * * *
The lemure hits you but does no damage.
Okay, then.
Okay, then.
The searing ray hits Pikel but does no damage.
Pikel is almost dead.
The lemure shouts!
You hear a shout!
Pikel hits you with a +1 whip of freezing!
You die...

##############
#............#
#...........>#
#............#
###............#
#.......5......#
#....)..K@<....#
#...5###########
#............
...###.....#######
.[..........#
...###....K.######
#...........#
#.....5.###.#
#####...###


You could see Pikel and 2 lemures.

Vanquished Creatures
  An iguana (D:4)
  2 orc wizards (D:2)
  6 adders
  A worm (D:2)
  3 dart slugs (D:1)
  4 orcs
  4 bats
  6 endoplasms
  A giant cockroach (D:1)
  5 goblins
  5 hobgoblins
  A quokka (D:2)
  5 ball pythons
  3 frilled lizards (D:1)
  3 kobolds
  3 rats
53 creatures vanquished.

Notes
Turn   | Place    | Note
-------+----------+-------------------------------------------
     0 | D:1      | Decritt the Deep Elf Conjurer began the quest for the Orb.
     0 | D:1      | Reached XP level 1. HP: 10/10 MP: 6/6
   134 | D:1      | Reached XP level 2. HP: 15/15 MP: 1/8
   137 | D:1      | Learned a level 2 spell: Searing Ray
   386 | D:1      | Reached skill level 4 in Spellcasting
   606 | D:1      | You fall into a shaft and drop 1 floor!
   770 | D:1      | Reached XP level 3. HP: 12/19 MP: 6/10
  1386 | D:2      | Reached skill level 5 in Spellcasting
  1386 | D:2      | Reached skill level 5 in Conjurations
  1952 | D:3      | Reached XP level 4. HP: 24/24 MP: 10/13
  2611 | D:2      | Reached skill level 6 in Spellcasting
  2611 | D:2      | Reached XP level 5. HP: 16/28 MP: 5/15
  3801 | D:4      | Noticed Pikel
  3801 | D:4      | Noticed a lemure
  3801 | D:4      | Noticed a lemure
  3801 | D:4      | Noticed a lemure
  3801 | D:4      | Noticed a lemure
  3849 | D:4      | Mangled by Pikel

Illustrated notes

Levels and vault maps discovered:
D:1:      tarquinn_simple_flora_water_f, layout_rooms
D:2:      layout_loops_cross, st_stairs_8
D:3:      layout_basic
D:4:      layout_basic, doesnt_xom_only_xom, zin_statuary, serial_shops, shop,
          shop, uniq_edmund, uniq_natasha, uniq_eustachio, uniq_pikel,
          uniq_sigmund

Skill      XL: |  1  2  3  4 |
---------------+-------------+-----
Spellcasting   | 4 5 6 |  6.4
Conjurations   | 5 |  5.4
Fighting       | |  0.4
Dodging        | |  2.6
Stealth        | |  2.4

Action                   |  1- 3 |  4- 6 || total
-------------------------+-------+-------++-------
Melee: Morningstar       |       |     2 ||     2
 Cast: Magic Dart        |    72 |    17 ||    89
       Searing Ray       |     4 |    16 ||    20
  Use: Scroll            |       |    10 ||    10
Armor: Leather armour    |       |     6 ||     6
Dodge: Dodged            |     4 |    15 ||    19

Table legend: (Time is in decaauts)
 A = Elapsed time spent in this place.
 B = Non-inter-level travel time spent in this place.
 C = Inter-level travel time spent in this place.
 D = Time resting spent in this place.
 E = Time spent auto-exploring this place.
 F = Levels seen in this place.
 G = Mean time per level.
                   A        B        C        D        E       F      G
               +--------+--------+--------+--------+--------+-----+--------+
         Total |   3854 |   3681 |    173 |    945 |   2187 |   4 |  963.5 |
       Dungeon |   3854 |   3681 |    173 |    945 |   2187 |   4 |  963.5 |
               +--------+--------+--------+--------+--------+-----+--------+

Top non-repeatable levels by time:
     D:2: 1591 daAuts
     D:3: 1210 daAuts
     D:1: 860 daAuts
     D:4: 191 daAuts
